 Dungeon Crawl Stone Soup version 0.20-a0-502-g555d78b (webtiles) character file.

3781 kuniqs the Carver (level 10, -1/80 HPs)
             Began as a Barachian Gladiator on Jan 20, 2017.
             Was a Believer of Cheibriados.
             Slain by a two-headed ogre
             ... wielding a +0 great mace
              (13 damage)
             ... on level 8 of the Dungeon on Jan 21, 2017.
             The game lasted 00:19:57 (9114 turns).

kuniqs the Carver (Barachian Gladiator)             Turns: 9114, Time: 00:19:58

Health: -1/80      AC: 15    Str: 22    XL:     10   Next: 16%
Magic:  9/11       EV: 16    Int: 13    God:    Cheibriados [**....]
Gold:   512        SH:  0    Dex: 18    Spells: 9/9 levels left

rFire    . . .     SeeInvis .   a - +1 long sword
rCold    + . .     Gourm    .   t - +2 scale mail {rC+}
rNeg     . . .     Faith    .   (no shield)
rPois    .         Spirit   .   c - +0 helmet
rElec    .         Reflect  .   y - +0 cloak
rCorr    .         Harm     .   (no gloves)
MR       .....                  H - +2 pair of boots
Stlth    ..........             (no amulet)
Regen    0.3/turn               (no ring)
                                (no ring)

@: very slow
A: swims, slowness 1, strong legs 1
a: Hop, Bend Time, Renounce Religion


You were on level 8 of the Dungeon.
You worshipped Cheibriados.
Cheibriados was pleased with you.
You were near starving.

You visited 2 branches of the dungeon, and saw 10 of its levels.
You also visited: Sewer.

You collected 512 gold pieces.

Inventory:

Hand Weapons
 a - a +1 long sword (weapon)
 h - a +0 short sword of venom
 B - a +1 dire flail of protection
 E - a +0 whip of electrocution
 J - a +3 vampiric great sword
Missiles
 A - 2 throwing nets (quivered)
Armour
 c - a +0 helmet (worn)
 i - a +0 robe of fire resistance
 t - a +2 scale mail of cold resistance (worn)
 y - a +0 cloak (worn)
 H - a +2 pair of boots (worn)
Jewellery
 n - an uncursed ring of flight {unknown}
 q - an uncursed ring of fire
 G - an uncursed ring of poison resistance {unknown}
Wands
 m - a wand of digging (17/24)
 s - a wand of digging (4/24)
 x - a wand of confusion (37/48)
Scrolls
 j - 2 scrolls of amnesia
 k - a scroll of magic mapping
 l - 4 scrolls of teleportation
 p - 2 scrolls of fear
 w - a scroll of immolation
 C - a scroll of recharging
 D - a scroll of enchant weapon
 F - 2 scrolls of blinking {unknown}
Potions
 b - a potion of agility
 g - a potion of curing {@q1}
 o - a potion of resistance
 r - 5 potions of brilliance
 u - 3 potions of might
 v - a potion of ambrosia
 z - a potion of lignification
Comestibles
 d - 6 bread rations
 e - 5 meat rations
 f - 7 fruits
 I - 2 beef jerkies


   Skills:
 + Level 8.2 Fighting
 + Level 8.8 Long Blades
 - Level 1.7 Throwing
 + Level 6.2 Armour
 + Level 8.1 Dodging
 + Level 2.4 Invocations


You had 9 spell levels left.
You didn't know any spells.

Dungeon Overview and Level Annotations

Branches:
Dungeon (9/15)             Temple (1/1) D:5
   Lair: D:8-11         Orc: D:9-12

Altars:
Ashenzari
Cheibriados
Dithmenos
Elyvilon
Fedhas
Hepliaklqana
Makhleb
Nemelex Xobeh
Okawaru
Qazlal
Ru
Sif Muna
Trog
Uskayaw
Vehumet
Xom
Yredelemnul
Zin
The Shining One

Shops:
D:4 (   D:8 (


Innate Abilities, Weirdness & Mutations

You can swim through water.
You cover ground slowly.
You can hop short distances.


Message History

The two-headed ogre closely misses you. x2
You hit the two-headed ogre.
The two-headed ogre looks as sick as possible!
Wield which item (- for none, * to show all)? (? for menu, Esc to quit)
Your +0 short sword of venom stops dripping with poison.
a - a +1 long sword (weapon)
The two-headed ogre hits you with a great mace!
The two-headed ogre hits you with a giant spiked club.
You slash the two-headed ogre!
The two-headed ogre hits you with a great mace!
The two-headed ogre barely misses you.
You slash the two-headed ogre! You hit the two-headed ogre.
The two-headed ogre hits you with a great mace!!
* * * LOW HITPOINT WARNING * * *
The two-headed ogre hits you with a giant spiked club.
* * * LOW HITPOINT WARNING * * *
You completely miss the two-headed ogre.
The two-headed ogre hits you with a great mace!
You die...

#.# ##.###[## #)#
#...#...##### #)#
###...........# #.#
#....###...##.#######
#.#######...## ##..#........#
#...........# #....(..(..<#
#.###.......## ##.....(.....#
#.##.........###............#
#.##.......((@O.............#.
.#.#........####....[([.......
# #.......#..........<#.#.####
#.##....##..#######.(#.#.# .#
#.#####..# #..#.#.# #.. ...#
#..#.#.# ...# #......#### ...#
#>......... #....#.####


You could see a two-headed ogre.

Vanquished Creatures
  Pikel (D:4)
  A hippogriff (D:7)
  Sigmund (D:2)
  A wyvern (D:8)
  A hungry ghost (D:7)
  Menkaure (D:5)
  Edmund (D:5)
  2 ice beasts (D:5)
  A black bear (D:7)
  A centaur (D:8)
  4 ogres
  6 big kobolds
  6 bullfrogs
  A scorpion (D:7)
  4 killer bees (D:8)
  A jelly (D:5)
  2 orc wizards (D:8)
  An orc priest (D:8)
  3 hounds
  Crazy Yiuf (D:3)
  Terence (D:3)
  2 iguanas
  5 worker ants
  A hound zombie (D:6)
  A hound skeleton (D:8)
  4 gnolls (D:6)
  11 adders
  A river rat (Sewer)
  7 oozes
  An adder skeleton (D:5)
  6 worms
  A dart slug (D:1)
  5 leopard geckos
  10 orcs
  A ball python (Sewer)
  5 giant cockroaches
  12 goblins
  6 hobgoblins
  2 jackals (D:6)
  2 quokkas
  8 bats
  2 frilled lizards
  A jackal skeleton (D:8)
  14 kobolds
  15 rats
164 creatures vanquished.

Vanquished Creatures (others)
  An orc wizard (D:4)
  A giant cockroach (D:4)
2 creatures vanquished.

Grand Total: 166 creatures vanquished

Notes
Turn   | Place    | Note
-------+----------+-------------------------------------------
     0 | D:1      | kuniqs the Barachian Gladiator began the quest for the Orb.
     0 | D:1      | Reached XP level 1. HP: 16/16 MP: 1/1
   134 | D:1      | Found an iron altar of Okawaru.
   140 | D:1      | Reached XP level 2. HP: 22/22 MP: 2/2
   356 | D:1      | Reached XP level 3. HP: 28/28 MP: 3/3
   760 | D:2      | Noticed Sigmund
   785 | D:2      | Killed Sigmund
   785 | D:2      | Reached XP level 4. HP: 19/37 MP: 4/4
   785 | D:2      | Reached XP level 5. HP: 22/42 MP: 5/5
   932 | D:2      | Reached skill level 5 in Long Blades
   932 | D:2      | Reached XP level 6. HP: 36/48 MP: 6/6
  1204 | D:3      | Found a glowing drain.
  1209 | Sewer    | Entered a sewer
  1657 | Sewer    | Reached skill level 5 in Dodging
  1731 | Sewer    | Reached XP level 7. HP: 52/55 MP: 7/7
  1770 | Sewer    | Reached skill level 5 in Fighting
  2798 | D:3      | Found a faded altar of an unknown god.
  2843 | D:3      | Found a runed door.
  2847 | D:3      | Noticed Crazy Yiuf
  2862 | D:3      | Killed Crazy Yiuf
  3011 | D:3      | Noticed Terence
  3016 | D:3      | Killed Terence
  3069 | D:4      | Found Soudyn's Weapon Emporium.
  3097 | D:5      | Entered Level 5 of the Dungeon
  3161 | D:4      | Reached skill level 1 in Armour
  3161 | D:4      | Reached XP level 8. HP: 30/63 MP: 8/8
  3507 | D:4      | Noticed Pikel
  3522 | D:4      | Killed Pikel
  4454 | D:5      | Noticed Menkaure
  4466 | D:5      | Killed Menkaure
  4684 | D:5      | Reached XP level 9. HP: 66/71 MP: 9/9
  4715 | D:5      | Found a staircase to the Ecumenical Temple.
  4733 | Temple   | Entered the Ecumenical Temple
  4893 | Temple   | Became a worshipper of Cheibriados the Contemplative
  5103 | D:5      | Noticed Edmund
  5486 | D:5      | Killed Edmund
  5486 | D:5      | Reached * piety under Cheibriados
  5863 | D:6      | Reached skill level 5 in Armour
  6922 | D:8      | Reached ** piety under Cheibriados
  6928 | D:8      | Noticed a two-headed ogre
  7776 | D:7      | Reached skill level 1 in Invocations
  8179 | D:8      | Reached XP level 10. HP: 80/80 MP: 10/10
  8620 | D:8      | Found Hizab's Antique Weapon Shoppe.
  9103 | D:8      | Reached *** piety under Cheibriados
  9114 | D:8      | Slain by a two-headed ogre

Vault maps used:
D:1:      dpeg_arrival_snail, serial_bayou_pond_a, okawaru_ov_weapons_minmay
D:2:      uniq_sigmund
D:3:      portal_sewer_entry_e, first_bread, chequers_ecumenical_altar_simple,
          uniq_terence, uniq_crazy_yiuf_cottage
D:4:      serial_shops, kennysheep_mini_moat, uniq_pikel
D:5:      minmay_ogre_servants, uniq_edmund, uniq_menkaure
D:7:      kennysheep_small_square
D:8:      serial_shops, shop_fountains
D:9:      minmay_blocky_corners, minmay_orc_entry_temple_small, special_room
Temple:   roderic_octagonal_lattice_temple
Sewer:    sewer_co_tree

Skill      XL: |  1  2  3  4  5  6  7  8  9 10 |
---------------+-------------------------------+-----
Long Blades    | 4 5 6 7 8 |  8.8
Fighting       | 4 5 6 8 |  8.2
Dodging        | 4 5 6 7 8 |  8.1
Armour         | 1 4 5 6 |  6.2
Invocations    | 1 2 |  2.4
Throwing       | |  1.7

Action                   |  1- 3 |  4- 6 |  7- 9 | 10-12 || total
-------------------------+-------+-------+-------+-------++-------
Melee: Short sword       |    78 |   101 |   340 |    71 ||   590
       Long sword        |     3 |       |    24 |     4 ||    31
       Quarterstaff      |       |       |   100 |       ||   100
       Dire flail        |       |       |    34 |       ||    34
       Whip              |       |       |     8 |       ||     8
Throw: Throwing net      |       |       |     1 |       ||     1
Invok: Bend Time         |       |       |     2 |     1 ||     3
 Abil: Hop               |       |       |     4 |     1 ||     5
Evoke: Wand              |       |       |     2 |     4 ||     6
  Use: Scroll            |       |       |    16 |     1 ||    17
       Potion            |       |       |     6 |       ||     6
  Eat: Chunk             |       |     3 |    16 |     1 ||    20
       Fruit             |       |       |     1 |       ||     1
       Pizza             |       |       |     1 |       ||     1
       Beef jerky        |       |       |     1 |       ||     1
Armor: Leather armour    |     8 |       |       |       ||     8
       Chain mail        |    47 |    71 |    89 |       ||   207
       Scale mail        |       |       |   168 |    23 ||   191
Dodge: Dodged            |    32 |    31 |   339 |    61 ||   463
       Rpst.: Long sword |     1 |       |    14 |       ||    15
